 Dungeon Crawl Stone Soup version 0.28-a0-1292-gb4563b27b3 (webtiles) character file.

Game seed: 12083521935053945496

155 vesl the Vexing (level 5, -6/24 HPs)
             Began as a Spriggan Enchanter on Dec 27, 2021.
             Mangled by a wyvern skeleton (11 damage)
             ... on level 5 of the Dungeon.
             The game lasted 00:07:51 (4495 turns).

vesl the Vexing (Spriggan Enchanter)                Turns: 4495, Time: 00:07:51

Health: -6/24      AC:  2    Str:  6    XL:     5   Next: 14%
Magic:  13/13      EV: 18    Int: 22    God:
Gold:   1021       SH:  0    Dex: 22    Spells: 6/14 levels left

rFire   . . .      SeeInvis +   a - +1 dagger
rCold   . . .      Faith    .   (shield restricted)
rNeg    . . .      Spirit   .   b - +0 robe
rPois   .          Reflect  .   (helmet restricted)
rElec   .          Harm     .   (no cloak)
rCorr   .          Rampage  .   (gloves unavailable)
Will    .....                   (boots unavailable)
Stlth   +++.......              (no amulet)
HPRegen 0.08/turn               i - +6 ring of intelligence
MPRegen 0.13/turn               p - +6 ring of dexterity

@: very quick
A: very small, no large weapons, unfitting armour, see invisible, speed 3
a: no special abilities


You were on level 5 of the Dungeon.
You visited 1 branch of the dungeon, and saw 5 of its levels.

You collected 1021 gold pieces.

Inventory:

Hand Weapons
 a - a +1 dagger (weapon)
Missiles
 d - 36 poisoned darts (quivered)
Armour
 b - a +0 robe (worn)
Jewellery
 h - a ring of fire
 i - a +6 ring of intelligence (left hand)
 o - a ring of fire
 p - a +6 ring of dexterity (right hand)
Wands
 n - a wand of digging (7)
Scrolls
 j - a scroll of teleportation
 l - a scroll of amnesia
Potions
 c - a potion of invisibility
 e - 2 potions of attraction
 f - a potion of heal wounds {unknown}
 g - 2 potions of ambrosia {unknown}
 k - a potion of lignification {unknown}
 m - a potion of mutation {unknown}


   Skills:
 - Level 1.1 Short Blades
 - Level 2.6 Dodging
 + Level 4.5 Stealth
 + Level 5.0 Spellcasting
 + Level 5.5 Hexes


You had 6 spell levels left.
You knew the following spells:

 Your Spells              Type           Power      Damage    Failure   Level
a - Ensorcelled Hibernat  Hex/Ice        34%        N/A       4%          2
b - Tukima's Dance        Hex            30%        N/A       3%          3
c - Dazzling Flash        Conj/Hex       34%        N/A       10%         3

Your spell library contained the following spells:

 Spells                   Type           Power      Damage    Failure   Level
 Confusing Touch          Hex            30%        N/A       3%          3


Dungeon Overview and Level Annotations

Branches:
Dungeon (5/15)
 Temple: D:4-7

Altars:


Innate Abilities, Weirdness & Mutations

You are very small and have problems with some larger weapons.
You are too small for most types of armour.
You have supernaturally acute eyesight. (SInv)
You cover ground extremely quickly. (Speed+++)


Message History

The shadow imp misses you.
You catch the helpless shadow imp completely off-guard!
You puncture the shadow imp!
You kill the shadow imp!
You start resting.
Magic restored.
You start resting.
HP restored.
You climb downwards.
The wyvern skeleton bites you! The wyvern skeleton misses you.
There is a stone staircase leading up here.
You hit the wyvern skeleton.
The wyvern skeleton is severely damaged.
The wyvern skeleton closely misses you.
You hit the wyvern skeleton.
The wyvern skeleton is almost destroyed.
The wyvern skeleton misses you.
You barely miss the wyvern skeleton.
The wyvern skeleton is almost destroyed.
The wyvern skeleton barely misses you.
You hit the wyvern skeleton but do no damage.
The wyvern skeleton is almost destroyed.
The wyvern skeleton bites you!
* * * LOW HITPOINT WARNING * * *
The wyvern skeleton barely misses you.
You are too injured to fight recklessly!
You are too injured to fight recklessly!
You hit the wyvern skeleton.
The wyvern skeleton is almost destroyed.
The wyvern skeleton closely misses you.
You hit the wyvern skeleton but do no damage.
The wyvern skeleton is almost destroyed.
The wyvern skeleton barely misses you.
You hit the wyvern skeleton.
The wyvern skeleton is almost destroyed.
The wyvern skeleton misses you.
You hit the wyvern skeleton but do no damage.
The wyvern skeleton is almost destroyed.
The wyvern skeleton closely misses you. The wyvern skeleton bites you!
You die...

...#......
.........
......... ## ##
......... .#..#
........# ......
........##......
....#........#
.......@....#
......Z........#
#.."....#.#.....
#.......#.# ..##
.......$..# .#
.......##.. .#
#...... .. .
....... ..#


You could see a wyvern skeleton.

Vanquished Creatures
  An iguana (D:4)
  4 adders
  A shadow imp (D:4)
  A worm (D:2)
  8 orcs
  6 endoplasms
  5 giant cockroaches
  7 goblins
  4 hobgoblins
  4 jackals (D:3)
  8 kobolds
  2 quokkas
  2 ball pythons
  4 bats
  2 frilled lizards
  9 rats
68 creatures vanquished.

Vanquished Creatures (collateral kills)
  2 orcs (D:4)
2 creatures vanquished.

Grand Total: 70 creatures vanquished

Notes
Turn   | Place    | Note
-------+----------+-------------------------------------------
     0 | D:1      | vesl the Spriggan Enchanter began the quest for the Orb.
     0 | D:1      | Reached XP level 1. HP: 9/9 MP: 5/5
   453 | D:1      | Reached XP level 2. HP: 13/13 MP: 7/7
   456 | D:1      | Learned a level 2 spell: Ensorcelled Hibernation
   531 | D:1      | Identified a scroll of acquirement
   531 | D:1      | Acquired 815 gold pieces
   948 | D:1      | Found a faded altar of an unknown god.
  1236 | D:2      | Reached XP level 3. HP: 15/16 MP: 9/9
  1240 | D:2      | Learned a level 3 spell: Tukima's Dance
  1244 | D:2      | Learned a level 3 spell: Dazzling Flash
  2553 | D:3      | Reached XP level 4. HP: 15/21 MP: 6/11
  2556 | D:3      | Reached skill level 5 in Hexes
  3914 | D:4      | Reached XP level 5. HP: 24/24 MP: 10/13
  4166 | D:4      | Reached skill level 5 in Spellcasting
  4360 | D:5      | Entered Level 5 of the Dungeon
  4495 | D:5      | Mangled by a wyvern skeleton

Illustrated notes

Levels and vault maps discovered:
D:1:      nicolae_arrival_memento_mori, layout_basic,
          chequers_ecumenical_altar_grove, minmay_misc_feat_enclosed
D:2:      layout_rooms
D:3:      layout_rooms
D:4:      layout_gridville
D:5:      layout_cave_pools, mainiacjoe_overflow_brackets,
          ebering_ghost_sewer_d, nrook_mini_backslash, uniq_blork_the_orc,
          uniq_ijyb, uniq_duvessa, uniq_eustachio

Skill      XL: |  1  2  3  4  5 |
---------------+----------------+-----
Spellcasting   | 3 4 5 |  5.0
Hexes          | 4 5 |  5.5
Short Blades   | |  1.1
Dodging        | |  2.6
Stealth        | |  4.5

Action                   |  1- 3 |  4- 6 || total
-------------------------+-------+-------++-------
Melee: Dagger            |   126 |    66 ||   192
 Cast: Ensorcelled Hiber |    28 |    26 ||    54
       Tukima's Dance    |       |     2 ||     2
       Dazzling Flash    |       |     1 ||     1
  Use: Scroll            |     4 |     2 ||     6
 Stab: Sleeping          |    34 |    16 ||    50
       Distracted        |       |     1 ||     1
       Invisible         |       |     1 ||     1
Armor: Robe              |    14 |     4 ||    18
Dodge: Dodged            |    83 |    61 ||   144

Table legend: (Time is in decaauts)
 A = Elapsed time spent in this place.
 B = Non-inter-level travel time spent in this place.
 C = Inter-level travel time spent in this place.
 D = Time resting spent in this place.
 E = Time spent auto-exploring this place.
 F = Levels seen in this place.
 G = Mean time per level.
                   A        B        C        D        E       F      G
               +--------+--------+--------+--------+--------+-----+--------+
         Total |   3641 |   3590 |     51 |    667 |   2301 |   5 |  728.2 |
       Dungeon |   3641 |   3590 |     51 |    667 |   2301 |   5 |  728.2 |
               +--------+--------+--------+--------+--------+-----+--------+

Top non-repeatable levels by time:
     D:4: 1120 daAuts
     D:3: 936 daAuts
     D:1: 831 daAuts
     D:2: 740 daAuts
     D:5: 12 daAuts
